 Dungeon Crawl Stone Soup version 0.20-a0-301-g264e157 (webtiles) character file.

1651 Junicave the Digger (level 9, -1/49 HPs)
             Began as a Gargoyle Earth Elementalist on Dec 16, 2016.
             Was a Follower of Vehumet.
             Slain by a bullfrog (7 damage)
             ... on level 7 of the Dungeon.
             The game lasted 00:34:22 (10933 turns).

Junicave the Digger (Gargoyle Earth Elementalist)  Turns: 10933, Time: 00:34:23

Health: -1/49      AC: 12    Str: 11    XL:     9   Next: 0%
Magic:  6/27       EV: 13    Int: 20    God:    Vehumet [*.....]
Gold:   186        SH:  5    Dex: 10    Spells: 16/20 levels left

rFire  . . .     SeeInvis .     m - +0 spear
rCold  . . .     Gourm    .     c - +0 robe
rNeg   + + .     Faith    .     (no shield)
rPois  ∞         Spirit   .     o - +1 helmet
rElec  +         Reflect  +     R - +0 cloak
rCorr  .         Harm     .     I - +0 pair of gloves
MR     .....                    (no boots)
Stlth  ++........               K - +5 amulet of reflection
                                u - ring of magical power
                                i - ring of positive energy

@: no status effects
A: negative energy resistance 1, electricity resistance, unbreathing,
petrification resistance, rot immunity, AC +5
a: Renounce Religion


You were on level 7 of the Dungeon.
You worshipped Vehumet.
Vehumet was aware of your devotion.
You were not hungry.

You visited 2 branches of the dungeon, and saw 8 of its levels.

You collected 186 gold pieces.

Inventory:

Hand Weapons
 l - a +0 short sword
 m - a +0 spear (weapon)
Missiles
 b - 232 stones (quivered)
Armour
 c - a +0 robe (worn)
 o - a +1 helmet (worn)
 I - a +0 pair of gloves (worn)
 R - a +0 cloak (worn)
Jewellery
 h - an uncursed amulet of regeneration
 i - a ring of positive energy (left hand)
 s - an uncursed amulet of rage
 u - a ring of magical power (right hand)
 K - a +5 amulet of reflection (around neck)
 L - an uncursed amulet of harm {unknown}
Wands
 x - a wand of digging (16/24)
Scrolls
 a - a scroll of enchant weapon {unknown}
 g - 3 scrolls of remove curse
 p - a scroll of identify
 r - 2 scrolls of magic mapping {unknown}
 t - 3 scrolls of amnesia
 v - 2 scrolls of teleportation {unknown}
 D - a scroll of fog {unknown}
 E - 2 scrolls of enchant armour {unknown}
 G - a scroll of immolation {unknown}
 H - a scroll of recharging {unknown}
 O - a scroll of random uselessness {unknown}
Potions
 f - a potion of agility
 j - a potion of magic {unknown}
 k - 2 potions of berserk rage {unknown}
 w - a potion of ambrosia
 z - a potion of cancellation
 B - a potion of heal wounds {unknown}
 J - 2 potions of mutation
 M - a potion of might {unknown}
 N - 2 potions of degeneration {unknown}
 Q - 2 potions of curing
Books
 e - a book of Geomancy

   Spells                             Type                      Level
   a - Sandblast                      Earth                        1
   b - Passwall                       Transmutation/Earth          2
   c - Stone Arrow                    Conjuration/Earth            3
   d - Petrify                        Transmutation/Earth          4
   e - Lee's Rapid Deconstruction     Earth                        5
Comestibles
 d - 6 bread rations
 n - 2 slices of pizza
 q - 2 fruits
 A - a beef jerky
 C - 6 meat rations
 P - 10 chunks of flesh


   Skills:
 + Level 2.9 Fighting
 + Level 2.6 Armour
 + Level 3.9 Dodging
 - Level 2.1 Stealth
 * Level 6.1 Spellcasting
 + Level 4.3 Conjurations
   Level 0.7 Transmutations
 + Level 6.5 Earth Magic
 + Level 2.2 Evocations


You had 16 spell levels left.
You knew the following spells:

 Your Spells              Type           Power        Failure   Level  Hunger
a - Sandblast             Erth           ####..       1%          1    None
b - Stone Arrow           Conj/Erth      ####..       4%          3    ##.....


Dungeon Overview and Level Annotations

Branches:
Dungeon (7/15)             Temple (1/1) D:6

Altars:
Ashenzari
Cheibriados
Dithmenos
Elyvilon
Fedhas
Gozag
Hepliaklqana
Kikubaaqudgha
Makhleb
Nemelex Xobeh
Okawaru
Qazlal
Ru
Sif Muna
Trog
Uskayaw
Vehumet
Xom
Yredelemnul
Zin
The Shining One


Innate Abilities, Weirdness & Mutations

You are resistant to torment.
Your stone body is resilient. (AC +5)
You are immune to poison.
You resist negative energy. (rN+)
You are resistant to electric shocks. (rElec)
You can survive without breathing.
You are immune to petrification.
You are immune to rotting.


Message History

Aiming: Stone Arrow
Press: ? - help, Shift-Dir - straight line, f/p - ogre
Aim: an ogre, wielding a giant club (almost dead)
The stone arrow hits the ogre.
You kill the ogre!
Vehumet accepts your kill.
You have reached level 9!
Your experience leads to an increase in your attributes!
Increase (S)trength, (I)ntelligence, or (D)exterity?
You feel clever.
The bullfrog hits you but does no damage.
Casting: Stone Arrow
Confirm with . or Enter, or press ? or * to list all spells.
Aiming: Stone Arrow
Press: ? - help, Shift-Dir - straight line, f - bullfrog
Aim: a bullfrog The stone arrow misses the bullfrog.
The bullfrog hits you but does no damage.
The bullfrog hits you!
You die...

..................#
..................#
..................#
..................#
..................#
..................#
..................#
...........).)....#
############)###@##
#.# #)F# ### ##.#
.. #.. ..# .># #.#


You could see a bullfrog.

Vanquished Creatures
  The ghost of Zigma the Ruffian, an amateur DrTm of Ashenzari (D:4)
  A black bear (D:3)
  A necrophage (D:7)
  4 ogres
  A centaur (D:5)
  A centaur zombie (D:7)
  3 crimson imps
  3 orc wizards
  3 hounds
  A jelly (D:5)
  A bullfrog skeleton (D:5)
  An orc priest (D:6)
  An iguana (D:5)
  Ijyb (D:2)
  6 worker ants
  A hound skeleton (D:5)
  A hound zombie (D:5)
  3 gnolls
  10 adders
  3 oozes
  An adder skeleton (D:7)
  2 worms
  4 leopard geckos
  9 orcs
  8 bats
  9 giant cockroaches
  5 goblins
  6 hobgoblins
  15 jackals
  4 kobolds
  4 quokkas
  A ball python (D:3)
  8 frilled lizards
  A leopard gecko skeleton (D:7)
  9 rats
133 creatures vanquished.

Notes
Turn   | Place    | Note
-------+----------+-------------------------------------------
     0 | D:1      | Junicave the Gargoyle Earth Elementalist began the quest for the Orb.
     0 | D:1      | Reached XP level 1. HP: 10/10 MP: 3/3
   515 | D:1      | Reached XP level 2. HP: 15/15 MP: 3/5
  1780 | D:1      | Reached XP level 3. HP: 19/19 MP: 2/6
  2133 | D:2      | Noticed Ijyb
  2230 | D:2      | Learned a level 3 spell: Stone Arrow
  2450 | D:2      | Reached XP level 4. HP: 22/24 MP: 5/8
  2810 | D:2      | Killed Ijyb
  2815 | D:2      | Found a stormy altar of Qazlal.
  3256 | D:2      | Found a stormy altar of Qazlal.
  3494 | D:2      | Found a stormy altar of Qazlal.
  4012 | D:3      | Noticed a black bear
  4033 | D:3      | Reached skill level 1 in Conjurations
  4061 | D:3      | Killed a black bear
  4061 | D:3      | Reached XP level 5. HP: 23/28 MP: 10/10
  4255 | D:3      | Reached XP level 6. HP: 32/32 MP: 11/11
  5054 | D:4      | Noticed Zigma's ghost (amateur DrTm)
  5294 | D:4      | Reached skill level 5 in Earth Magic
  5779 | D:4      | Killed Zigma's ghost
  5779 | D:4      | Reached XP level 7. HP: 14/36 MP: 6/13
  7093 | D:5      | Entered Level 5 of the Dungeon
  7110 | D:5      | Found a blossoming altar of Fedhas.
  7501 | D:5      | Reached skill level 1 in Fighting
  7502 | D:5      | Reached skill level 1 in Armour
  7621 | D:5      | Reached skill level 5 in Spellcasting
  7621 | D:5      | Reached skill level 1 in Evocations
  7769 | D:5      | Reached XP level 8. HP: 43/44 MP: 15/15
  8307 | D:5      | Found a blossoming altar of Fedhas.
  9250 | D:6      | Found a staircase to the Ecumenical Temple.
  9260 | Temple   | Entered the Ecumenical Temple
  9282 | Temple   | Became a worshipper of Vehumet
  9994 | D:6      | Found a staircase to the Ecumenical Temple.
 10800 | D:7      | Reached * piety under Vehumet
 10800 | D:7      | Offered knowledge of Shock by Vehumet.
 10932 | D:7      | Reached XP level 9. HP: 5/49 MP: 9/18
 10933 | D:7      | Slain by a bullfrog

Vault maps used:
D:1:      elethiomel_arrival_quiet
D:2:      nicolae_qazlal_general_emergency, uniq_iyjb
D:3:      first_bread
D:5:      fedhas_altar_3
Temple:   regret_index_temple_sigil_plot

Skill      XL: |  1  2  3  4  5  6  7  8 |
---------------+-------------------------+-----
Earth Magic    | 4 5 6 |  6.5
Dodging        | 2 3 |  3.9
Spellcasting   | 3 4 5 6 |  6.1
Conjurations   | 1 2 3 4 |  4.3
Fighting       | 1 2 |  2.9
Armour         | 1 2 |  2.6
Evocations     | 1 2 |  2.2
Stealth        | |  2.1
Transmutations | |  0.7

Action                   |  1- 3 |  4- 6 |  7- 9 || total
-------------------------+-------+-------+-------++-------
Melee: Unarmed           |    32 |       |       ||    32
       Short sword       |   122 |     9 |       ||   131
       Spear             |       |   254 |   383 ||   637
 Cast: Sandblast         |    19 |    14 |    50 ||    83
       Stone Arrow       |       |     6 |    40 ||    46
  Use: Scroll            |       |       |     8 ||     8
 Stab: Sleeping          |     2 |     3 |     4 ||     9
       Distracted        |     1 |       |       ||     1
  Eat: Chunk             |     5 |    10 |    16 ||    31
       Fruit             |       |     1 |     4 ||     5
Armor: Robe              |    76 |   113 |   165 ||   354
Dodge: Dodged            |   124 |   193 |   282 ||   599
Block: Other             |       |    17 |   107 ||   124
       Reflection        |       |       |     1 ||     1
